 Dungeon Crawl Stone Soup version 0.19.1 (webtiles) character file.

74 Rrauwl the Insei (level 4, -4/32 HPs)
             Began as a Merfolk Transmuter on Nov 27, 2016.
             Was an Initiate of Ru.
             Slain by Sigmund
             ... wielding a +0 scythe
              (8 damage)
             ... on level 2 of the Dungeon.
             The game lasted 00:08:34 (1249 turns).

Rrauwl the Insei (Merfolk Transmuter)               Turns: 1249, Time: 00:08:35

Health: -4/32      AC:  5    Str: 10    XL:     4   Next: 28%
Magic:  6/7        EV: 14    Int: 13    God:    Ru [......]
Gold:   38         SH:  0    Dex: 14    Spells: 1 memorised, 6 levels left

rFire  . . .     SeeInvis .       - Unarmed
rCold  . . .     Gourm    .     l - +2 robe {MR+}
rNeg   . . .     Faith    .     (no shield)
rPois  .         Spirit   .     (no helmet)
rElec  .         Reflect  .     f - +0 cloak
rCorr  .         Harm     .     (no gloves)
MR     +....                    (no boots)
Stlth  +.........               (no amulet)
                                (no ring)
                                b - ring of flight

@: appendage
A: change form in water, swift swim, stealthy swim, horns 2
a: End Transformation, Renounce Religion, Evoke Flight


You were on level 2 of the Dungeon.
You worshipped Ru.
Ru was noncommittal.
You were not hungry.
You had grown temporary horns.
You visited 1 branch of the dungeon, and saw 2 of its levels.

You collected 38 gold pieces.

Inventory:

Missiles
 a - 12 arrows
Armour
 f - a +0 cloak (worn)
 l - a +2 robe of magic resistance (worn)
Jewellery
 b - a ring of flight (left hand)
Scrolls
 i - 2 scrolls of identify
Potions
 e - a potion of magic
 h - a potion of heal wounds
Books
 c - a book of Changes

   Spells                             Type                      Level
   a - Beastly Appendage              Transmutation                1
   b - Sticks to Snakes               Transmutation                2
   c - Spider Form                    Transmutation/Poison         3
   d - Ice Form                       Ice/Transmutation            4
   e - Blade Hands                    Transmutation                5
Comestibles
 d - 2 bread rations
 g - 7 fruits
 j - a meat ration
 k - a slice of pizza
 m - 2 chunks of flesh


   Skills:
 - Level 1.1 Fighting
 - Level 4.2 Dodging
 + Level 4.4 Unarmed Combat
 - Level 2.0 Spellcasting
 + Level 3.1 Transmutations


You had 6 spell levels left.
You knew the following spells:

 Your Spells              Type           Power        Failure   Level  Hunger
a - Beastly Appendage     Tmut           #.....       10%         1    ##.....


Dungeon Overview and Level Annotations

Branches:
Dungeon (2/15)

Altars:
Ru
Uskayaw

Annotations:
D:2 Sigmund


Innate Abilities, Weirdness & Mutations

You revert to your normal form in water.
You are very nimble and swift while swimming.
You are very stealthy in the water. (Stealth+)
You have a pair of horns on your head.


Message History

You grow a pair of large bovine horns.
You hear some strange, mumbled words.
A puff of flame appears from out of thin air!
The puff of flame hits you!
You hear some strange, mumbled words.
A puff of flame appears from out of thin air!
The puff of flame hits you!
There is an open door here.
You hit something. You headbutt something. Something hits you.
You barely miss something. You headbutt something. You hit something.
Something barely misses you.
You punch something!
You hear some strange, mumbled words.
A magic dart appears from out of thin air!
The magic dart hits you!
You miss something. You headbutt something. You hit something.
Something hits you!
* * * LOW HITPOINT WARNING * * *
You hit something. Something hits you!
You die...

###.## #.#####..#.# #. #.#
#..$.....#.# #. #.#
#..._....#.# ## ##'##
#......# #.# ##...##
#.##.### #.. ##.....##
#.##.# ##.......## #....#
###.........####...#####
.............@{.........r.
###..........###.......###
#.#.......## #.......#
#.##.....## #.......# #
##...## #.......# #.....
#.......# #.#.###
#.......# #.#.# #.......#


There were no monsters in sight!

Vanquished Creatures
  An orc wizard (D:2)
  An adder (D:2)
  An ooze (D:1)
  2 dart slugs (D:1)
  A leopard gecko (D:2)
  4 bats
  A giant cockroach (D:1)
  6 goblins
  2 hobgoblins (D:1)
  4 kobolds
  2 frilled lizards (D:1)
  2 rats
27 creatures vanquished.

Notes
Turn   | Place    | Note
-------+----------+-------------------------------------------
     0 | D:1      | Rrauwl the Merfolk Transmuter began the quest for the Orb.
     0 | D:1      | Reached XP level 1. HP: 15/15 MP: 3/3
    81 | D:1      | Reached XP level 2. HP: 16/21 MP: 5/5
   558 | D:1      | Learned a level 1 spell: Beastly Appendage
   596 | D:1      | Reached XP level 3. HP: 25/26 MP: 6/6
   743 | D:2      | Found a sacrificial altar of Ru.
   760 | D:2      | Reached XP level 4. HP: 23/32 MP: 7/7
   769 | D:2      | Became a worshipper of Ru the Awakened
  1221 | D:2      | Found a hide-covered altar of Uskayaw.
  1222 | D:2      | Noticed a hand axe
  1222 | D:2      | Noticed a dagger
  1224 | D:2      | Noticed Sigmund
  1249 | D:2      | Slain by Sigmund

Skill      XL: |  1  2  3  4 |
---------------+-------------+-----
Dodging        | 3 4 |  4.2
Unarmed Combat | 4 |  4.4
Transmutations | 3 |  3.1
Fighting       | |  1.1
Spellcasting   | |  2.0

Action                   |  1- 3 |  4- 6 || total
-------------------------+-------+-------++-------
Melee: Unarmed           |    64 |    35 ||    99
       Punch             |     1 |       ||     1
       Headbutt          |       |     3 ||     3
 Cast: Beastly Appendage |       |     1 ||     1
  Use: Scroll            |     6 |       ||     6
       Potion            |     4 |       ||     4
 Stab: Paralysed         |       |     1 ||     1
       Sleeping          |       |     1 ||     1
  Eat: Chunk             |       |     1 ||     1
Armor: Robe              |     6 |     7 ||    13
Dodge: Dodged            |    30 |    12 ||    42
